 Dungeon Crawl Stone Soup version 0.31-a0-1183-gd88bbb8b4d (webtiles) character file.

Game seed: 7952043759887367641

166 qw the Shooter (level 5, 0/32 HPs)
             Began as a Gargoyle Hunter on Dec 11, 2023.
             Slain by an iguana (9 damage)
             ... on level 4 of the Dungeon.
             The game lasted 00:00:51 (2071 turns).

qw the Shooter (Gargoyle Hunter)                    Turns: 2071, Time: 00:00:52

Health: 0/32       AC:  7    Str: 14    XL:     5   Next: 47%
Magic:  5/5        EV: 11    Int: 10    God:
Gold:   86         SH:  0    Dex: 15    Spells: 4/4 levels left

rFire   . . .        a - +1 shortbow (heavy)
rCold   . . .        (shield currently unavailable)
rNeg    + . .        o - +1 ring mail
rPois   inf          (no helmet)
rElec   +            (no cloak)
rCorr   .            (no gloves)
SInv    .            (no boots)
Will    .....        f - amulet of regeneration
Stlth   +            (no ring)
HPRegen 1.05/turn    (no ring)
MPRegen 0.09/turn

%: no passive effects
@: about to teleport
A: sickness immunity, AC +4, negative energy resistance 1, electricity
resistance, torment resistance 1, petrification resistance, deformed body,
sturdy frame 1
a: no special abilities


You were on level 4 of the Dungeon.
You visited 1 branch of the dungeon, and saw 4 of its levels.

You collected 126 gold pieces.
You spent 40 gold pieces at shops.


Innate Abilities, Weirdness & Mutations

You are immune to sickness and miasma.
Your stone body is resilient. (AC +4)
You are immune to poison.
You resist negative energy. (rN+)
You are resistant to electric shocks. (rElec)
You are resistant to unholy torment.
You are immune to petrification.
Armour fits poorly on your strangely shaped body.
Your movements are slightly less encumbered by armour. (ER -2)


   Skills:
 - Level 3.5 Fighting
 + Level 5.9 Ranged Weapons
 - Level 1.0 Armour
 - Level 1.5 Dodging
 - Level 1.1 Stealth


You had 4 spell levels left.
You didn't know any spells.
Your spell library was empty.

Inventory:

Hand Weapons
 a - a +1 heavy shortbow (weapon)
Armour
 o - a +1 ring mail (worn)
Jewellery
 f - an amulet of regeneration (around neck)
Scrolls
 c - a scroll of enchant armour
 h - a scroll of identify
Potions
 b - a potion of cancellation
 d - a potion of mutation
 e - a potion of curing {unknown}
 g - a potion of heal wounds
 j - a potion of degeneration {unknown}
 k - a potion of enlightenment
 m - a potion of invisibility {unknown}
 q - a potion of lignification {unknown}

Dungeon Overview and Level Annotations

Branches:
Dungeon (4/15)
 Temple: D:4-7

Altars:

Shops:
D:1 [


Message History

The orc misses you. The orc hits you but does no damage.
The orc hits you with a +1 flail of protection!
The orc misses you.
You shoot an arrow. The arrow hits the orc!
You kill the orc!
The orc hits you but does no damage.
The orc hits you with a +1 flail of protection.
You shoot an arrow. The arrow hits the orc.
The orc is lightly wounded.
The orc barely misses you.
You shoot an arrow. The arrow hits the orc.
The orc is almost dead.
The orc hits you with a +1 flail of protection. x2
A worm comes into view.
You shoot an arrow. The arrow barely misses the orc.
The orc closely misses you. The orc hits you but does no damage.
You shoot an arrow. The arrow hits the orc!
You kill the orc!
You shoot an arrow. The iguana hisses angrily.
The arrow hits the worm!
The worm is heavily wounded.
You shoot an arrow. The arrow hits the worm.
The worm is severely wounded.
A hobgoblin comes into view.
You shoot an arrow. The arrow hits the worm!
You kill the worm!
You shoot an arrow. The arrow closely misses the iguana.
You shoot an arrow. The arrow barely misses the iguana.
The arrow hits the hobgoblin!
You kill the hobgoblin!
The iguana barely misses you. The iguana bites you!
You shoot an arrow. The arrow hits the iguana!
The iguana is heavily wounded.
The iguana bites you. The iguana bites you!
2071 ||| READING scroll of teleportation.
As you read the scroll of teleportation, it crumbles to dust.
You feel strangely unstable. The iguana bites you!
You die...

### ###
#..##..##
........#
........#
........#
..)...))# #@#
##l########
#..........
#..........
#..........
#######..######
....###..####
............#
......>.....#


You could see an iguana.

Vanquished Creatures
  An orc priest (D:2)
  2 adders
  4 gnolls (D:3)
  A worm (D:4)
  A dart slug (D:2)
  6 orcs
  6 bats
  7 endoplasms
  2 giant cockroaches
  5 goblins
  8 hobgoblins
  6 jackals
  2 quokkas (D:3)
  6 ball pythons
  4 kobolds
  A rat (D:2)
62 creatures vanquished.

Notes
Turn   | Place    | Note
-------+----------+-------------------------------------------
     0 | D:1      | qw the Gargoyle Hunter began the quest for the Orb.
     0 | D:1      | Reached XP level 1. HP: 12/12 MP: 1/1
     0 | D:1      | 0 ||| qw: Version: 0.3-a-106-g2cfff9e
     0 | D:1      | 0 ||| qw: Game counter: 2081
     0 | D:1      | 0 ||| qw: Melee chars always use a shield: true
     0 | D:1      | 0 ||| qw: God list: Okawaru
     0 | D:1      | 0 ||| qw: Allow faded altars: false
     0 | D:1      | 0 ||| qw: Do Orc after clearing Dungeon:15 true
     0 | D:1      | 0 ||| qw: Do second Lair branch before Depths: true
     0 | D:1      | 0 ||| qw: Lair rune preference: random
     0 | D:1      | 0 ||| qw: Goals: Normal, Save, Zot:1-4, Win
     0 | D:1      | 0 ||| PLANNING D:1-11
   346 | D:1      | Reached XP level 2. HP: 17/17 MP: 2/2
   737 | D:1      | Found Relah's Armour Shoppe.
   745 | D:1      | 745 ||| SHOPLISTING +0 pair of gloves of strength (115
                  | gold, have 42).
   745 | D:1      | 745 ||| BUYING +0 ring mail (40 gold).
   745 | D:1      | Bought a +0 ring mail for 40 gold pieces
   745 | D:1      | 745 ||| SHOPLISTING +1 cloak of poison resistance (135
                  | gold, have 2).
   863 | D:1      | 863 ||| UPGRADING to +0 ring mail.
   873 | D:1      | 873 ||| DROPPING +0 leather armour.
   874 | D:1      | 874 ||| UPGRADING to amulet of regeneration.
   879 | D:1      | 879 ||| READING scroll labelled CEYTUC KORHER.
   882 | D:1      | 882 ||| READING scroll labelled LUM NIUTISAN.
   883 | D:1      | 883 ||| READING scroll labelled IWKEAVICER.
   883 | D:1      | 883 ||| ENCHANTING +0 ring mail.
   884 | D:1      | 884 ||| READING scroll labelled NEOJOS KIRCHI.
   885 | D:1      | 885 ||| READING scroll labelled BEUJIU HOGECW.
   889 | D:1      | 889 ||| DROPPING scroll of butterflies.
  1061 | D:2      | Reached skill level 1 in Armour
  1061 | D:2      | Reached XP level 3. HP: 21/21 MP: 3/3
  1164 | D:2      | Reached skill level 5 in Ranged Weapons
  1537 | D:2      | 1537 ||| READING 2 scrolls labelled SEOXY USUDIARI.
  1537 | D:2      | 1537 ||| BRANDING +0 shortbow.
  1538 | D:2      | 1538 ||| READING scroll of brand weapon.
  1538 | D:2      | 1538 ||| BRANDING +0 shortbow of draining.
  1539 | D:2      | 1539 ||| DRINKING 2 grey potions.
  1539 | D:2      | Gained mutation: Armour fits poorly on your strangely
                  | shaped body. [potion of mutation]
  1539 | D:2      | Gained mutation: Your movements are slightly less
                  | encumbered by armour. (ER -2) [potion of mutation]
  1540 | D:2      | 1540 ||| DRINKING 2 fuming puce potions.
  1541 | D:2      | 1541 ||| DROPPING potion of attraction.
  1546 | D:3      | 1546 ||| STAIRDANCE
  1556 | D:3      | 1556 ||| STAIRDANCE
  1566 | D:3      | 1566 ||| STAIRDANCE
  1570 | D:2      | Reached skill level 3 in Fighting
  1570 | D:2      | Reached XP level 4. HP: 25/28 MP: 4/4
  1874 | D:3      | 1874 ||| RETREEAATING.
  1875 | D:3      | 1875 ||| STILL RETREEAATING.
  1876 | D:3      | 1876 ||| STILL RETREEAATING.
  1877 | D:3      | 1877 ||| STILL RETREEAATING.
  1878 | D:3      | 1878 ||| STILL RETREEAATING.
  1879 | D:3      | 1879 ||| STILL RETREEAATING.
  1881 | D:3      | 1881 ||| RETREEAATING.
  1883 | D:3      | 1883 ||| Stepping ~*~*~tactically~*~*~ (retreating).
  1885 | D:3      | 1885 ||| Stepping ~*~*~tactically~*~*~ (retreating).
  1887 | D:3      | 1887 ||| Stepping ~*~*~tactically~*~*~ (retreating).
  1888 | D:3      | 1888 ||| Stepping ~*~*~tactically~*~*~ (retreating).
  1892 | D:3      | Reached XP level 5. HP: 21/32 MP: 5/5
  1985 | D:3      | 1985 ||| READING scroll labelled FEEWESTRESUAZ.
  1985 | D:3      | 1985 ||| IDENTIFYING fuming black potion
  1986 | D:3      | 1986 ||| READING scroll labelled KUCKUD MIAC.
  1986 | D:3      | 1986 ||| ENCHANTING +0 heavy shortbow.
  1987 | D:3      | 1987 ||| READING scroll labelled MOAKUT WUUCWIB.
  1988 | D:3      | 1988 ||| READING scroll labelled LEBU PAEFUO.
  1989 | D:3      | 1989 ||| DRINKING 2 inky potions.
  1990 | D:3      | 1990 ||| DRINKING 2 fizzy red potions.
  2006 | D:4      | 2006 ||| STAIRDANCE
  2015 | D:4      | 2015 ||| STAIRDANCE
  2070 | D:4      | HP: 8/32 [iguana (9)]
  2071 | D:4      | 2071 ||| READING scroll of teleportation.
  2071 | D:4      | Slain by an iguana

Levels and vault maps discovered:
D:1:      giann_wishing_wells, layout_loops_corners, serial_shops, shop
D:2:      layout_basic
D:3:      layout_basic, serial_bayou_pond_e
D:4:      layout_gridville, minmay_shop_damaged, kennysheep_small_spiral,
          uniq_grinder

Skill      XL: |  1  2  3 |
---------------+----------+-----
Armour         | 1 |  1.0
Ranged Weapons | 5 |  5.9
Fighting       | 3 |  3.5
Dodging        | |  1.5
Stealth        | |  1.1

Action                     |  1- 3 |  4- 6 || total
---------------------------+-------+-------++-------
   Fire: Shortbow          |    71 |    73 ||   144
    Use: Scroll            |     7 |     5 ||    12
         Potion            |     2 |     2 ||     4
 Armour: Leather armour    |     3 |       ||     3
         Ring mail         |    21 |    43 ||    64
  Dodge: Dodged            |    22 |    41 ||    63

Table legend:
 A = Non-vault XP
 B = Vault XP
 C = Vault XP percentage of total XP
 D = Non-vault monster count
 E = Vault monster count
 F = Vault count percentage of total count
                 A         B        C        D         E       F
            +---------+---------+-------+---------+---------+-------
      Total |     238 |       0 |   0.0 |      62 |       0 |   0.0
            +---------+---------+-------+---------+---------+-------
        D:1 |      25 |       0 |   0.0 |      13 |       0 |   0.0
        D:2 |      87 |       0 |   0.0 |      19 |       0 |   0.0
        D:3 |     100 |       0 |   0.0 |      20 |       0 |   0.0
        D:4 |      26 |       0 |   0.0 |      10 |       0 |   0.0
            +---------+---------+-------+---------+---------+-------
